 Dungeon Crawl Stone Soup version 0.29-a0-334-gb41bcbb86e (webtiles) character file.

Game seed: 4276485733201384748

443320 Psyclone the Cryomancer (level 24, 160/160 HPs)
             Began as an Octopode Ice Elementalist on Apr 13, 2022.
             Was an Initiate of Gozag.
             Quit the game on level 8 of the Dungeon.
             The game lasted 03:51:14 (81321 turns).

Psyclone the Cryomancer (OpIE)                     Turns: 81321, Time: 03:51:15

Health: 160/160    AC:  7    Str:  4    XL:     24   Next: 15%
Magic:  54/59      EV:  9    Int: 45    God:    Gozag
Gold:   1730       SH: 31    Dex: 13    Spells: 27/69 levels left

rFire   + + .      SeeInvis +   a - +8 short sword of the Shifting Visionary {spect, rC+ rN++ SInv}
rCold   + + +      Faith    .   c - +18 shield of the Gong {rElec rN+ Will+ EV-5}
rNeg    + + +      Spirit   .   d - +2 hat
rPois   +          Reflect  .   e - amulet of the acrobat
rElec   +          Harm     .   f - ring of the Monkey {rF+++ rC+}
rCorr   +          Rampage  .   g - ring of Wocig {Ice +Blink Int+4}
Will    ++...                   h - ring "Biggida" {Fire Will+ Str-3 Int+8 SInv}
Stlth   +++.......              X - ring of resist corrosion
HPRegen 0.36/turn               N - ring of wizardry
MPRegen 0.36/turn               P - ring of Titit {Ice +Blink rPois Will-}
                                Y - ring "Apoitune" {AC+4 Int+7}
                                Z - ring of magical power

@: studying 2 skills
A: almost no armour, amphibious, 8 rings, camouflage 1, gelatinous body 1,
(nimble swimmer 1), tentacles, cold resistance 1, dopey 1, wild magic 1
}: 2/15 runes: decaying, serpentine
a: Renounce Religion, Evoke Blink, Potion Petition, Call Merchant, Bribe Branch


You were on level 8 of the Dungeon.
You worshipped Gozag.
Gozag was most pleased with you.
You visited 8 branches of the dungeon, and saw 41 of its levels.
You also visited: Ossuary, Ice Cave and Wizlab.

You collected 24931 gold pieces.
You spent 5113 gold pieces at shops.
You paid 18088 gold pieces to Gozag.

Inventory:

Hand Weapons
 a - the +8 short sword of the Shifting Visionary (weapon) {spect, rC+ rN++ SInv}
   (You took it off a deep elf death mage on level 3 of the Elven Halls)

   When its wielder attacks, the weapon's spirit leaps out and strikes again.
   The spirit shares a part of any damage it takes with its wielder.
   rC:        It protects you from cold.
   rN:        It greatly protects you from negative energy.
   SInv:      It lets you see invisible.
Missiles
 J - 3 throwing nets {!f}
Armour
 c - the +18 shield of the Gong (worn) {rElec rN+ Will+ EV-5}
   (You bought it in a shop on level 2 of the Orcish Mines)

   It is deafeningly noisy when blocking attacks.
   EV:        It affects your evasion (-5).
   rElec:     It insulates you from electricity.
   rN:        It protects you from negative energy.
   Will:      It increases your willpower.
 d - a +2 hat (worn)
Jewellery
 e - an amulet of the acrobat (around mantle)
 f - the ring of the Monkey (left tentacle) {rF+++ rC+}
   (You found it on level 13 of the Dungeon)

   [ring of protection from cold]

   rF:        It renders you almost immune to fire.
   rC:        It protects you from cold.
 g - the ring of Wocig (right tentacle) {Ice +Blink Int+4}
   (You found it on level 10 of the Dungeon)

   [ring of ice]

   It enhances your ice magic.
   Int:       It affects your intelligence (+4).
   rF:        It makes you vulnerable to fire.
   rC:        It protects you from cold.
   +Blink:    It lets you blink.
 h - the ring "Biggida" (on tentacle) {Fire Will+ Str-3 Int+8 SInv}
   (You took it off a centaur warrior on level 10 of the Dungeon)

   [ring of fire]

   It enhances your fire magic.
   Str:       It affects your strength (-3).
   Int:       It affects your intelligence (+8).
   rF:        It protects you from fire.
   rC:        It makes you vulnerable to cold.
   SInv:      It lets you see invisible.
   Will:      It increases your willpower.
 w - the ring of Jimi {+Blink rPois rF+++ Str-4 Dex+6}
   (You took it off a deep elf sorcerer on level 3 of the Elven Halls)

   [ring of dexterity]

   Str:       It affects your strength (-4).
   Dex:       It affects your dexterity (+6).
   rF:        It renders you almost immune to fire.
   rPois:     It protects you from poison.
   +Blink:    It lets you blink.
 K - the amulet of the Air {Inacc Air Fly rElec RMsl}
   (You took it off a deep elf knight on level 3 of the Elven Halls)

   [amulet of nothing]

   It reduces the accuracy of all your attacks.
   It enhances your air magic.
   rElec:     It insulates you from electricity.
   Fly:       It grants you flight.
   RMsl:      It protects you from missiles.
 N - a ring of wizardry (on tentacle)
 P - the ring of Titit (on tentacle) {Ice +Blink rPois Will-}
   (You found it on level 2 of the Snake Pit)

   [ring of ice]

   It enhances your ice magic.
   rF:        It makes you vulnerable to fire.
   rC:        It protects you from cold.
   rPois:     It protects you from poison.
   +Blink:    It lets you blink.
   Will:      It decreases your willpower.
 X - a ring of resist corrosion (on tentacle)
 Y - the ring "Apoitune" (on tentacle) {AC+4 Int+7}
   (You acquired it on level 2 of the Snake Pit)

   [ring of protection]

   AC:        It affects your AC (+4).
   Int:       It affects your intelligence (+7).
 Z - a ring of magical power (on tentacle)
Wands
 l - a wand of flame (36)
 z - a wand of mindburst (12)
 B - a wand of paralysis (32)
 C - a wand of charming (17)
 D - a wand of digging (21)
 G - a wand of polymorph (20)
 U - a wand of iceblast (44)
Scrolls
 i - 2 scrolls of silence {!r}
 j - 12 scrolls of fear
 k - 5 scrolls of amnesia
 m - 5 scrolls of immolation
 n - 6 scrolls of enchant weapon
 p - 2 scrolls of summoning
 r - 4 scrolls of magic mapping
 t - 7 scrolls of vulnerability
 x - 18 scrolls of teleportation
 y - 5 scrolls of torment
 E - 2 scrolls of blinking
 L - a scroll of brand weapon
 Q - 9 scrolls of fog
 S - 4 scrolls of enchant armour
 W - 5 scrolls of holy word
Potions
 b - 4 potions of magic
 o - 10 potions of heal wounds
 q - 11 potions of lignification
 s - 8 potions of might
 u - 5 potions of cancellation
 v - 13 potions of attraction
 A - 4 potions of haste
 F - 3 potions of invisibility
 H - 7 potions of ambrosia
 I - 13 potions of curing
 M - 6 potions of berserk rage
 O - 9 potions of brilliance
 V - 5 potions of flight
Miscellaneous
 T - a phantom mirror


   Skills:
 + Level 12.0 Fighting
 - Level 6.0 Dodging
 - Level 2.6 Stealth
 - Level 15.0 Shields
 - Level 23.4 Spellcasting
 - Level 9.0 Conjurations
 + Level 9.0 Transmutations
 - Level 24.2 Ice Magic
 - Level 3.0 Air Magic
 + Level 9.0 Earth Magic


You had 27 spell levels left.
You knew the following spells:

 Your Spells              Type           Power      Damage    Failure   Level
a - Freeze                Ice            100%       1d11      1%          1
b - Frozen Ramparts       Ice            100%       1d12      1%          3
c - Statue Form           Tmut/Erth      72%        N/A       1%          6
d - Hailstorm             Conj/Ice       100%       3d20      1%          4
e - Ozocubu's Armour      Ice            100%       N/A       1%          3
f - Freezing Cloud        Conj/Ice/Air   84%        6-21      1%          5
q - Blink                 Tloc           100%       N/A       1%          2
r - Swiftness             Air            80%        N/A       1%          3
s - Polar Vortex          Ice            100%       N/A       1%          9
t - Apportation           Tloc           100%       N/A       1%          1
x - Irradiate             Conj/Tmut      54%        3d31      1%          5

Your spell library contained the following spells:

 Spells                   Type           Power      Damage    Failure   Level
 Animate Skeleton         Necr           100%       N/A       1%          1
 Beastly Appendage        Tmut           100%       N/A       1%          1
 Pain                     Necr           100%       1d9       1%          1
 Slow                     Hex            100%       N/A       1%          1
 Sting                    Tmut/Pois      100%       1d8       1%          1
 Summon Small Mammal      Summ           100%       N/A       1%          1
 Corpse Rot               Necr/Air       100%       N/A       1%          2
 Ensorcelled Hibernation  Hex/Ice        100%       N/A       1%          2
 Passwall                 Tmut/Erth      90%        N/A       1%          2
 Poisonous Vapours        Pois/Air       100%       N/A       1%          2
 Static Discharge         Conj/Air       95%        N/A       1%          2
 Sublimation of Blood     Necr           62%        N/A       1%          2
 Wereblood                Tmut           100%       N/A       1%          2
 Call Canine Familiar     Summ           62%        N/A       1%          3
 Confusing Touch          Hex            62%        N/A       1%          3
 Dazzling Flash           Conj/Hex       100%       N/A       1%          3
 Gell's Gravitas          Tloc           62%        N/A       1%          3
 Ignite Poison            Fire/Tmut/Pois 100%       N/A       1%          3
 Lesser Beckoning         Tloc           62%        N/A       1%          3
 Mephitic Cloud           Conj/Pois/Air  86%        N/A       1%          3
 Spider Form              Tmut/Pois      88%        N/A       1%          3
 Summon Guardian Golem    Hex/Summ       62%        N/A       1%          3
 Teleport Other           Tloc           62%        N/A       1%          3
 Vampiric Draining        Necr           62%        2d10      1%          3
 Ice Form                 Ice/Tmut       100%       N/A       1%          4
 Petrify                  Tmut/Erth      100%       N/A       1%          4
 Summon Ice Beast         Ice/Summ       100%       N/A       1%          4
 Alistair's Intoxication  Tmut/Pois      58%        N/A       1%          5
 Lightning Bolt           Conj/Air       47%        1d68      1%          5
 Metabolic Englaciation   Hex/Ice        84%        N/A       1%          5
 Yara's Violent Unravell  Hex/Tmut       44%        3d17      1%          5
 Simulacrum               Ice/Necr       84%        N/A       1%          6
 Anguish                  Hex/Necr       31%        N/A       3%          4
 Dispel Undead            Necr           62%        3d22      3%          4
 Olgreb's Toxic Radiance  Pois           62%        N/A       3%          4
 Conjure Ball Lightning   Conj/Air       47%        3x3d16    4%          6
 Silence                  Hex/Air        36%        N/A       5%          5
 Eringya's Noxious Bog    Tmut/Pois      44%        N/A       8%          6
 Agony                    Necr           62%        N/A       9%          5
 Manifold Assault         Tloc           62%        N/A       9%          5
 Summon Forest            Summ/Tloc      31%        N/A       9%          5
 Summon Mana Viper        Hex/Summ       62%        N/A       9%          5
 Death Channel            Necr           31%        N/A       38%         6
 Dispersal                Tloc           31%        N/A       38%         6
 Summon Cactus Giant      Summ           31%        N/A       38%         6
 Haunt                    Necr/Summ      31%        N/A       89%         7
 Monstrous Menagerie      Summ           31%        N/A       89%         7
 Summon Hydra             Summ           31%        N/A       89%         7
 Necromutation            Tmut/Necr      44%        N/A       92%         8
 Maxwell's Capacitive Co  Air            40%        ∞         99%         8
 Shatter                  Erth           54%        3d41*     99%         9
 Borgnjor's Revivificati  Necr           31%        N/A       100%        8
 Discord                  Hex            31%        N/A       100%        8
 Disjunction              Tloc           31%        N/A       100%        8
 Chain Lightning          Conj/Air       47%        3d63      100%        9
 Death's Door             Necr           31%        N/A       100%        9
 Fire Storm               Conj/Fire      55%        8d14      100%        9


Dungeon Overview and Level Annotations

Branches:
Dungeon (15/15)            Temple (0/1) D:5            Lair (6/6) D:8
  Swamp (4/4) Lair:3        Snake (4/4) Lair:4        Slime (0/5) Lair:6
    Orc (2/2) D:11            Elf (3/3) Orc:2        Vaults (3/5) D:13
  Crypt (0/3) Vaults:3     Depths (4/4) D:15            Zot (0/5) Depths:4
Ossuary (visited)           IceCv (visited)          WizLab (visited)

Altars:
Dithmenos
Elyvilon
Fedhas
Gozag
Kikubaaqudgha
Nemelex Xobeh
Okawaru
Qazlal
Ru
Trog
Wu Jian
Yredelemnul
Zin
Beogh
Jiyva

Shops:
D:6 (   D:8 =?:*==:=((*=(   D:10 [*   Orc:2 [:(*   Elf:2 !   Snake:2 (?!!=
Snake:4 =*!   Vaults:1 (*[   Depths:2 (*[   Depths:3 :

Portals:
Hell: Depths:1 Depths:2 Depths:3 Depths:4
Abyss: Depths:1 Depths:3 Depths:4
Pandemonium: Depths:2
Ziggurat: Depths:3

Annotations:
Depths:1 exclusion: downstairs


Innate Abilities, Weirdness & Mutations

You cannot wear most types of armour.
You are amphibious.
You can wear up to eight rings at the same time.
Your skin changes colour to match your surroundings (Stealth+).
Your rubbery body absorbs attacks. (AC +1, EV +1)
((You are camouflaged when in or above water. (Stealth+)))
You have tentacles for arms and can constrict up to eight enemies at once.
Your flesh is cold resistant. (rC+)
You are dopey. (Int -2)
Your spells are a little harder to cast, but a little more powerful.


Message History

There is an entrance to Jeuxaick's General Store here.
You see here a potion of mutation.
There is an entrance to Kyadeate's Jewellery Boutique here.
There is an entrance to Bimiax's Jewellery Boutique here.
There is an entrance to Qusuken's Book Shoppe here.
There is an entrance to Kutuah's Jewellery Shop here.
There is an entrance to Taloreis's Weapon Shop here.
There is an entrance to Kupeonirgh's Antique Weapon Shoppe here.
There is an entrance to Appyd's General Store here.
There is an entrance to Tucsem's Jewellery Shop here.
There is an entrance to Nophatef's Weapon Emporium here.
You see here a +1 triple sword of freezing.
You drop the ring of Amuh {rPois Will+ Str-4 Int+6}.
You see here a +1 triple sword of freezing.
There is an entrance to Taloreis's Weapon Shop here.
There is an entrance to Kutuah's Jewellery Shop here.
There is an entrance to Qusuken's Book Shoppe here.
There is an entrance to Bimiax's Jewellery Boutique here.
There is an entrance to Kyadeate's Jewellery Boutique here.
There is an entrance to Jeuxaick's General Store here.
You see here a potion of mutation.
R - a potion of mutation Really quaff the potion of mutation?
Uppercase [Y]es or [N]o only, please.
Really quaff the potion of mutation?
You feel extremely strange.
Your urge to shout disappears.
You feel more energetic.
You feel stupid.
You feel less in control of your magic.
You feel resistant to cold.
Unknown command.
Casting: Polar Vortex (dangerous; 1% risk of failure)
Confirm with . or Enter, or press ? or * to list all spells.
Okay, then.
Unknown command.
Unknown command.
Saving game... please wait.
Welcome back, Psyclone the Octopode Ice Elementalist.
Gozag says: Greed is good.
Press ? for a list of commands and other information.
Unknown command.
Are you sure you want to abandon this character and quit the game? (Confirm with "yes".)

###...#.##.######.((####..<......
#..##.##.# ##[## ##.......#
#.....^..# #.# ##.....##
#####.#### #.# ##...## #..# ###.#
##'## #.## #...# #.# #.# #.###
#.# # #.# #.# ##.## ## #.# #@#
##...### .#####.# #.#
#######....... .......# #∩#
#......))).### ..######
##∩###.##...)>[## #.#
#∩∩∩∩∩∩∩∩∩#.)="# #.#
#∩####.#####.#.# #.# #∩# #.#
#.#.# #.# #># #.#####.#.# #.# ###
#.......#.#


There were no monsters in sight!

Vanquished Creatures
  Parghit (Depths:4)
  Bai Suzhen (Swamp:4)
  5 golden dragons
  the Enchantress (Depths:1)
  A profane servitor (Depths:1)
  3 bone dragons (Depths:4)
  The ghost of Wicel the Warrior, an adept MiBe of Trog (Elf:1)
  Rupert (D:13)
  Jorgrun (Swamp:2)
  2 liches
  4 deep elf blademasters (Elf:3)
  2 titans (Depths:2)
  A quicksilver dragon (Depths:2)
  2 deep elf master archers (Elf:3)
  The ghost of Laraso the Anchorite, an adept DjWz of Zin (Snake:2)
  2 thorn hunters (Swamp:4)
  3 ancient champions (WizLab)
  2 tengu reavers
  2 storm dragons (Depths:4)
  5 nagarajas (Snake:4)
  2 revenants (WizLab)
  The ghost of FizzleBang the Warrior, an adept KoBr of Wu Jian (Snake:3)
  A fire giant (Depths:2)
  A draconian knight (Depths:4)
  An iron dragon (Depths:2)
  The ghost of Fuubb the Unseen, an adept OpMo of Dithmenos (Swamp:3)
  Roxanne (D:14)
  4 frost giants
  Louise (Snake:1)
  An orc warlord (Orc:2)
  5 deep elf sorcerers
  A caustic shrike zombie (WizLab)
  10 vault wardens
  Aizul (Snake:1)
  A ghoul (Swamp:3)
  A spectral caustic shrike (WizLab)
  A deep elf elementalist (Elf:3)
  4 spriggan defenders
  9 ironbound preservers
  The ghost of Laraso the Bludgeoner, a journeyman PaAK of Lugonu (D:12)
  7 stone giants
  5 ironbound thunderhulks
  3 green draconians (Depths:4)
  A vampire knight (Depths:3)
  5 deep elf demonologists
  17 very ugly things
  4 eleionomae
  2 black draconians (Depths:4)
  A white draconian (Depths:4)
  3 purple draconians (Depths:4)
  4 deep elf annihilators
  4 halazid warlocks (WizLab)
  A yellow draconian (Depths:4)
  7 dire elephants (Vaults:1)
  8 spark wasps
  3 bunyips
  Snorg (D:14)
  5 ettins
  3 eidola (WizLab)
  12 deep elf death magi
  2 spectral quicksilver dragons (WizLab)
  A merfolk impaler (D:12)
  2 pearl dragon zombies (Depths:1)
  6 fire dragons
  A quicksilver dragon zombie (WizLab)
  2 yaktaur captains
  Josephine (D:15)
  6 great orbs of eyes
  4 shambling mangroves
  3 jiangshi (WizLab)
  5 rakshasas
  6 deep elf high priests (Elf:3)
  2 hell beasts (Depths:2)
  8 naga warriors
  2 spriggan zombies
  6 ice dragons
  22 hydras
  2 salamander tyrants (Snake:4)
  2 vault guards
  4 spriggan air magi
  2 ogre magi
  6 boulder beetles
  Erica (D:8)
  18 centaur warriors
  7 alligators
  9 ironbound frosthearts
  11 anacondas
  A ghost crab (Swamp:3)
  11 two-headed ogres
  2 death knights
  9 deep troll shamans
  4 catoblepae (Lair:6)
  3 hell hogs (Depths:1)
  10 tengu warriors
  A vampire mage (WizLab)
  4 deep troll earth magi (Depths:1)
  14 death yaks
  2 orc high priests
  A spriggan berserker (Depths:1)
  25 naga sharpshooters
  2 titan zombies (WizLab)
  16 deep elf knights
  A salamander mystic (Snake:3)
  16 shock serpents
  A soul eater (Depths:2)
  A titan skeleton (Depths:2)
  7 skeletal warriors
  9 iron trolls
  Amaemon (Lair:2)
  46 deep trolls
  3 goliath frogs
  A death drake (Swamp:3)
  5 flayed ghosts
  7 sea snakes
  2 bog bodies
  6 deep elf archers
  2 naga ritualists
  4 spriggan druids
  12 swamp dragons
  6 wizards
  15 lindwurms
  3 glowing orange brains
  16 ironbound convokers
  3 phantasmal warriors
  A tengu zombie (Depths:4)
  A spectral wolf spider (WizLab)
  7 orc knights
  A wolf spider (shapeshifter) (Elf:3)
  27 deep elf pyromancers
  23 deep elf zephyrmancers
  A wolf spider zombie (WizLab)
  13 mana vipers
  4 harpies (Vaults:2)
  A sphinx zombie (Depths:4)
  2 necromancers
  A stone giant zombie (Depths:2)
  An iron dragon zombie (Depths:4)
  A cyclops (D:12)
  A sphinx skeleton (Vaults:3)
  6 manticores
  A moth of wrath (Snake:2)
  11 salamanders
  12 orc sorcerers
  5 will-o-the-wisps
  37 ugly things
  3 fire giant skeletons (Vaults:3)
  An elephant (shapeshifter) (Depths:2)
  2 ice statues
  25 elephants
  4 apis skeletons (Depths:1)
  A frost giant skeleton (Depths:2)
  9 guardian serpents
  8 vault sentinels
  36 black mambas
  A stone giant skeleton (Depths:1)
  17 naga magi
  A gargoyle (D:7)
  Maurice (D:13)
  An orange demon (Lair:2)
  2 unseen horrors (D:12)
  A torpor snail (Lair:2)
  16 cane toads
  An efreet (D:8)
  2 freezing wraiths (D:15)
  13 rime drakes
  11 komodo dragons
  30 yaktaurs
  2 tengu conjurers (Depths:2)
  A yaktaur skeleton (Vaults:3)
  A queen bee (Lair:3)
  3 spectral harpies (WizLab)
  5 trolls
  9 polar bears
  A harpy zombie (WizLab)
  A tengu simulacrum (Depths:2)
  12 hornets
  10 blink frogs
  5 tyrant leeches
  50 slime creatures
  Prince Ribbit (D:7)
  2 dream sheep (Lair:2)
  A centaur simulacrum (D:15)
  12 flying skulls (WizLab)
  3 shadows
  2 vampires
  2 ettin skeletons
  5 wyverns
  12 spriggans
  3 water elementals
  An air elemental (Elf:1)
  5 wraiths
  101 yaks
  10 basilisks
  4 fire elementals
  A redback (shapeshifter) (D:15)
  17 vampire mosquitoes
  A steam dragon (D:10)
  2 elf skeletons (Vaults:3)
  9 swamp worms
  4 wargs (Orc:2)
  4 acid dragons
  45 nagas
  21 water moccasins
  6 swamp drakes
  10 ice beasts
  3 black bears
  39 orc warriors
  A sky beast (D:5)
  A boggart (Vaults:2)
  6 ogres
  5 human skeletons (Vaults:3)
  27 wolves
  14 centaurs
  3 phantoms
  7 kobold brigands
  15 bullfrogs
  A gnoll sergeant (D:9)
  A necrophage (D:8)
  A glowing shapeshifter simulacrum (Depths:1)
  3 scorpions
  14 wights
  30 killer bees (Lair:3)
  5 electric eels
  2 howler monkeys (D:10)
  2 hounds
  A jelly (D:5)
  3 human zombies (Ossuary)
  7 orc priests
  5 iguanas
  11 orc wizards
  7 hell rats (Lair:6)
  2 mummies (Ossuary)
  7 gnolls
  6 adders
  2 river rats (Lair:3)
  3 white imps (Lair:4)
  An ufetubus (D:4)
  2 worms
  2 dart slugs
  43 orcs
  2 ball pythons (D:4)
  An endoplasm (D:1)
  5 giant cockroaches
  3 goblins
  2 hobgoblins (D:4)
  32 kobolds
  2 quokkas
  5 bats
  2 goblin zombies (Ossuary)
  A hobgoblin zombie (Ossuary)
  A kobold zombie (Ossuary)
  An orc zombie (Ossuary)
  5 briar patches (Swamp:4)
1669 creatures vanquished.

Vanquished Creatures (others)
  30 dancing weapons
  A deep elf zephyrmancer (Elf:1)
  2 bloated husks
  A water elemental (Elf:3)
  35 bushes (D:15)
  12 foxfires
  57 fungi
  91 plants
229 creatures vanquished.

Grand Total: 1898 creatures vanquished

Notes
Turn   | Place    | Note
-------+----------+-------------------------------------------
     0 | D:1      | Psyclone the Octopode Ice Elementalist began the quest for
                  | the Orb.
     0 | D:1      | Reached XP level 1. HP: 11/11 MP: 3/3
   563 | D:1      | Reached XP level 2. HP: 16/17 MP: 5/5
   572 | D:1      | Found a faded altar of an unknown god.
   877 | D:2      | Found an opulent altar of Gozag.
   882 | D:2      | Became a worshipper of Gozag Ym Sagoz the Greedy
  1547 | D:2      | Gained mutation: You have hidden genetic potential. [potion
                  | of mutation]
  1547 | D:2      | Gained mutation: You have supernaturally acute eyesight.
                  | (SInv) [potion of mutation]
  1547 | D:2      | Gained mutation: Your muscles are strong. (Str +2) [potion
                  | of mutation]
  1573 | D:3      | Reached XP level 3. HP: 21/21 MP: 6/6
  1580 | D:3      | Learned a level 3 spell: Frozen Ramparts
  1588 | D:3      | Reached skill level 5 in Ice Magic
  1950 | D:3      | Found an ornate altar of the Wu Jian Council.
  2302 | D:4      | Gained mutation: One of your tentacles bears a spike.
                  | [hidden potential]
  2548 | D:4      | Reached XP level 4. HP: 27/27 MP: 4/7
  2993 | D:4      | Learned a level 3 spell: Ozocubu's Armour
  3162 | D:4      | Gained mutation: Your flesh is cold resistant. (rC+)
                  | [hidden potential]
  3162 | D:4      | Lost mutation: You have hidden genetic potential. [hidden
                  | potential expressed]
  3432 | D:4      | Noticed a phantom
  3453 | D:5      | Entered Level 5 of the Dungeon
  3490 | D:5      | Identified the +6 spear of Conformity {flame, rC+ Str+2}
  3528 | D:5      | Found a sand-covered staircase.
  3533 | Ossuary  | Entered an ossuary
  3609 | Ossuary  | Reached skill level 8 in Ice Magic
  3609 | Ossuary  | Reached XP level 5. HP: 46/46 MP: 1/8
  3810 | Ossuary  | Reached skill level 9 in Ice Magic
  3810 | Ossuary  | Reached XP level 6. HP: 47/52 MP: 2/9
  4117 | Ossuary  | Learned a level 2 spell: Blink
  4497 | D:5      | Noticed a sky beast
  4516 | D:5      | Killed a sky beast
  4696 | D:5      | Reached XP level 7. HP: 24/57 MP: 2/12
  4894 | D:5      | Found a staircase to the Ecumenical Temple.
  5447 | D:5      | Reached skill level 5 in Spellcasting
  5447 | D:5      | Reached XP level 8. HP: 60/63 MP: 6/15
  5644 | D:6      | Found Foseo's Weapon Boutique.
  6081 | D:6      | Noticed a two-headed ogre
  6140 | D:6      | Learned a level 4 spell: Hailstorm
  6144 | D:6      | Learned a level 3 spell: Swiftness
  6864 | D:6      | Reached XP level 9. HP: 53/68 MP: 12/19
  7044 | D:6      | Identified the +1 flail of the Establishment {chaos, rC+}
  7301 | D:6      | Killed a two-headed ogre
  7716 | D:7      | Noticed Prince Ribbit
  7737 | D:7      | Killed Prince Ribbit
  7941 | D:7      | Noticed a gargoyle
  8166 | D:7      | Killed a gargoyle
  8167 | D:7      | Reached XP level 10. HP: 74/74 MP: 11/23
  9061 | D:8      | Found a sacrificial altar of Ru.
  9061 | D:8      | Found a shadowy altar of Dithmenos.
  9061 | D:8      | Found a blossoming altar of Fedhas.
  9100 | D:8      | Found a staircase to the Lair.
  9322 | D:8      | Bought a book of Alchemy for 364 gold pieces
  9328 | D:8      | Learned a level 5 spell: Irradiate
  9427 | D:8      | Noticed Erica
  9471 | D:8      | Killed Erica
 10949 | D:9      | Reached skill level 5 in Conjurations
 10949 | D:9      | Reached skill level 5 in Transmutations
 11758 | D:10     | Entered Level 10 of the Dungeon
 11768 | D:10     | Reached XP level 11. HP: 67/80 MP: 15/24
 11891 | D:10     | Noticed a two-headed ogre
 11900 | D:10     | Killed a two-headed ogre
 12437 | D:10     | Identified the ring "Biggida" {Fire Will+ Str-3 Int+8 SInv}
 12437 | D:10     | Noticed a centaur warrior
 12447 | D:10     | Killed a centaur warrior
 12742 | D:10     | Noticed a boulder beetle
 12776 | D:10     | Killed a boulder beetle
 13091 | D:10     | Found Codurchul's Changing Room.
 13104 | D:10     | Found a bloodstained altar of Trog.
 13154 | D:10     | Found Haurr's Armour Boutique.
 13425 | D:10     | Identified the +5 kite shield "Vesoag" {rF+ Str+3}
 13586 | D:10     | Noticed a six-headed hydra
 13596 | D:10     | Killed a six-headed hydra
 13597 | D:10     | Reached skill level 1 in Air Magic
 13727 | D:10     | Found a stormy altar of Qazlal.
 13737 | D:10     | Found a sparkling altar of Nemelex Xobeh.
 13777 | D:10     | Identified the ring of Wocig {Ice +Blink Int+4}
 14101 | D:8      | Identified the +8 short sword of Ascent {antimagic, Int+3}
 14418 | D:11     | Found a staircase to the Orcish Mines.
 14867 | D:11     | Noticed a manticore
 14879 | D:11     | Killed a manticore
 15632 | D:12     | Reached XP level 12. HP: 85/85 MP: 19/25
 15671 | D:12     | Noticed a two-headed ogre
 15680 | D:12     | Killed a two-headed ogre
 15733 | D:12     | Noticed a two-headed ogre
 15742 | D:12     | Killed a two-headed ogre
 16043 | D:12     | Found a frozen archway.
 16231 | IceCv    | Entered an ice cave
 16444 | IceCv    | Reached skill level 10 in Fighting
 16909 | IceCv    | Noticed a death yak
 16914 | IceCv    | Noticed a death yak
 16915 | IceCv    | Noticed a death yak
 16918 | IceCv    | Killed a death yak
 16919 | IceCv    | Killed a death yak
 16924 | IceCv    | Killed a death yak
 17215 | IceCv    | Learned a level 5 spell: Freezing Cloud
 17226 | IceCv    | Noticed a frost giant
 17239 | IceCv    | Noticed a death yak
 17616 | IceCv    | Killed a frost giant
 17898 | IceCv    | Noticed a death yak
 17907 | IceCv    | Killed a death yak
 17908 | IceCv    | Noticed a death yak
 17918 | IceCv    | Killed a death yak
 17919 | IceCv    | Reached skill level 5 in Dodging
 17919 | IceCv    | Reached XP level 13. HP: 59/97 MP: 1/26
 18202 | IceCv    | Reached skill level 1 in Shields
 18566 | D:12     | Found a runed translucent gate.
 18566 | D:12     | Found a runed translucent gate.
 18587 | D:12     | Found a runed translucent gate.
 18588 | D:12     | Noticed Laraso's ghost (journeyman PaAK)
 18590 | D:12     | Noticed a naga warrior
 18615 | D:12     | Found an iron altar of Okawaru.
 18615 | D:12     | Noticed a merfolk impaler
 18773 | D:4      | Found a basalt altar of Yredelemnul.
 18784 | D:4      | Found an ancient bone altar of Kikubaaqudgha.
 18794 | D:4      | Found a white marble altar of Elyvilon.
 19135 | Lair:1   | Entered Level 1 of the Lair of Beasts
 19141 | D:8      | Bought a scroll of fog for 22 gold pieces
 19914 | Lair:1   | Reached skill level 5 in Shields
 21300 | Lair:2   | Noticed Amaemon
 21310 | Lair:2   | Killed Amaemon
 22434 | Lair:3   | You are sucked into a shaft and drop 2 floors!
 23601 | Lair:5   | Reached XP level 14. HP: 93/103 MP: 17/27
 24139 | Lair:5   | Reached skill level 10 in Ice Magic
 24764 | Lair:4   | Reached skill level 10 in Spellcasting
 26097 | Lair:4   | Found the +10 dark maul {vorpal}
 26382 | Lair:4   | Found a staircase to the Snake Pit.
 26832 | Lair:4   | Identified the +10 hunting sling "Nued" {venom, rC+ Will+}
 27644 | Lair:3   | Reached skill level 11 in Ice Magic
 28454 | Lair:3   | Found a staircase to the Swamp.
 29511 | Lair:6   | Entered Level 6 of the Lair of Beasts
 29838 | Lair:6   | Reached skill level 12 in Ice Magic
 30147 | Lair:6   | Reached XP level 15. HP: 96/108 MP: 21/30
 31575 | Lair:6   | Found a viscous altar of Jiyva.
 31576 | Lair:6   | Found a staircase to the Slime Pits.
 31592 | Lair:6   | Reached skill level 13 in Ice Magic
 32293 | D:8      | Bought a ring of magical power for 300 gold pieces
 32399 | Orc:1    | Entered Level 1 of the Orcish Mines
 33564 | Orc:2    | Entered Level 2 of the Orcish Mines
 33564 | Orc:2    | Noticed an orc warlord
 33564 | Orc:2    | Found Ebount's Antique Armour Shoppe.
 33564 | Orc:2    | Found Bogguics's Antique Weapon Boutique.
 34242 | Orc:2    | Found Girac's General Store.
 34266 | Orc:2    | Found a staircase to the Elven Halls.
 34588 | Orc:2    | Found Caugump's Book Shop.
 34613 | Orc:2    | Killed an orc warlord
 34626 | Orc:2    | Reached skill level 14 in Ice Magic
 34714 | Orc:2    | Bought the +18 shield of the Gong {rElec rN+ Will+ EV-5}
                  | for 2627 gold pieces
 34714 | Orc:2    | Found the +18 shield of the Gong {rElec rN+ Will+ EV-5}
 35696 | D:12     | Reached XP level 16. HP: 65/114 MP: 31/33
 35723 | D:12     | Killed Laraso's ghost
 36569 | D:13     | Noticed Rupert
 36577 | D:13     | Killed Rupert
 36851 | D:13     | Found a gate to the Vaults.
 36893 | D:13     | Noticed Maurice
 36900 | D:13     | Killed Maurice
 37194 | D:13     | Identified the ring of the Monkey {rF+++ rC+}
 37528 | D:14     | Reached skill level 10 in Shields
 37622 | D:14     | Noticed Roxanne
 37700 | D:14     | Noticed Snorg
 37710 | D:14     | Killed Snorg
 38395 | D:14     | Killed Roxanne
 38614 | D:14     | Learned a level 6 spell: Statue Form
 38787 | D:15     | Entered Level 15 of the Dungeon
 38868 | D:15     | Noticed Josephine
 38873 | D:15     | Killed Josephine
 38874 | D:15     | Reached skill level 1 in Earth Magic
 39579 | D:15     | Reached skill level 15 in Ice Magic
 39839 | D:15     | Found a blossoming altar of Fedhas.
 40024 | D:15     | Found a staircase to the Depths.
 41150 | Snake:1  | Entered Level 1 of the Snake Pit
 41268 | Snake:1  | Reached skill level 5 in Earth Magic
 41386 | Snake:1  | Noticed Aizul
 41393 | Snake:1  | Killed Aizul
 41394 | Snake:1  | Reached XP level 17. HP: 55/119 MP: 26/35
 41861 | Snake:1  | Noticed Louise
 41871 | Snake:1  | Killed Louise
 42734 | Snake:1  | Reached skill level 15 in Spellcasting
 44394 | Snake:2  | You fall into a shaft and drop 1 floor!
 44514 | Snake:3  | Noticed FizzleBang's ghost (adept KoBr)
 44516 | Snake:3  | Found a transporter.
 45007 | Snake:2  | Found Ucelu's Weapon Emporium.
 45009 | Snake:2  | Found a transporter.
 45009 | Snake:2  | Noticed Laraso's ghost (adept DjWz)
 45056 | Snake:2  | Found a transporter.
 45225 | Snake:2  | Found Poxkaish's Jewellery Emporium.
 45227 | Snake:2  | Found Zyitepho's Distillery.
 45227 | Snake:2  | Found Heraconosi's Distillery.
 45232 | Snake:2  | Found Puetoil's Magic Scroll Shoppe.
 45416 | Snake:2  | Killed Laraso's ghost
 45836 | Snake:2  | Identified the ring of Titit {Ice +Blink rPois Will-}
 45838 | Snake:2  | Identified a scroll of acquirement
 45839 | Snake:2  | Acquired the ring "Apoitune" {AC+4 Int+7}
 45957 | Snake:3  | Reached XP level 18. HP: 123/126 MP: 3/37
 46643 | Snake:3  | Found a transporter.
 47096 | Snake:3  | Killed FizzleBang's ghost
 47505 | Snake:4  | Entered Level 4 of the Snake Pit
 47562 | Snake:4  | Reached skill level 15 in Shields
 47755 | Snake:3  | Learned a level 9 spell: Polar Vortex
 49274 | Snake:4  | Found a stormy altar of Qazlal.
 49364 | Snake:4  | Found Xuophaam's Distillery.
 49950 | Snake:4  | Found Guucwif's Jewellery Emporium.
 49950 | Snake:4  | Found Yniob's General Store.
 50151 | Snake:4  | Got a serpentine rune of Zot
 50753 | Swamp:1  | Entered Level 1 of the Swamp
 50840 | Swamp:1  | Reached skill level 16 in Ice Magic
 51469 | Swamp:1  | Identified the +11 battleaxe of Trauma {chaos, Int+6
                  | Stlth-}
 52571 | Swamp:2  | Noticed Jorgrun
 52578 | Swamp:2  | Killed Jorgrun
 52691 | Swamp:3  | Reached XP level 19. HP: 120/131 MP: 24/39
 54416 | Swamp:3  | Found a runed translucent gate.
 54416 | Swamp:3  | Found a runed translucent gate.
 54416 | Swamp:3  | Found a runed translucent gate.
 54418 | Swamp:3  | Noticed Fuubb's ghost (adept OpMo)
 54749 | Swamp:3  | Killed Fuubb's ghost
 55520 | Swamp:4  | Entered Level 4 of the Swamp
 55569 | Swamp:4  | Reached skill level 17 in Ice Magic
 56221 | Swamp:4  | Noticed Bai Suzhen
 56333 | Swamp:4  | Killed Bai Suzhen
 57167 | Swamp:4  | Got a decaying rune of Zot
 57415 | Swamp:4  | Identified the +4 helmet "Jauqasu" {rPois Str+5 Int-5}
 57795 | Elf:1    | Entered Level 1 of the Elven Halls
 58471 | Elf:1    | Found a runed translucent door.
 58473 | Elf:1    | Noticed Wicel's ghost (adept MiBe)
 58550 | Elf:1    | Reached skill level 18 in Ice Magic
 59666 | Elf:1    | Killed Wicel's ghost
 60082 | Elf:2    | Identified the +7 quarterstaff of Honour {spect, Fly Will-
                  | Str+4 Int+2}
 60096 | Elf:2    | Identified the amulet "Wagajos" {Reflect Rampage rPois MP-9
                  | SH+5}
 60136 | Elf:2    | Reached XP level 20. HP: 134/137 MP: 41/42
 60177 | Elf:2    | Found Vossiogunn's Distillery.
 60185 | Elf:2    | Bought a potion of magic for 160 gold pieces
 60185 | Elf:2    | Bought a potion of magic for 160 gold pieces
 60185 | Elf:2    | Bought 2 potions of heal wounds for 200 gold pieces
 60202 | Elf:2    | Found a runed translucent gate.
 60202 | Elf:2    | Found a runed translucent gate.
 60202 | Elf:2    | Found a runed translucent gate.
 62081 | Elf:3    | Entered Level 3 of the Elven Halls
 62792 | Elf:3    | Reached skill level 19 in Ice Magic
 63374 | Elf:3    | Gained mutation: You have hidden genetic defects. [a
                  | cacodemon]
 63377 | Elf:3    | Gained mutation: Your body sometimes deteriorates upon
                  | taking damage. [a cacodemon]
 64024 | Elf:3    | Identified the +8 short sword of the Shifting Visionary
                  | {spect, rC+ rN++ SInv}
 64024 | Elf:3    | Identified the ring of Amuh {rPois Will+ Str-4 Int+6}
 64024 | Elf:3    | Identified the +3 spear "Gibbesh" {spect, Int+3 SInv}
 64032 | Elf:3    | Identified the +6 flail of Wyfaisod {flame, rF++ Int+3
                  | Dex-4}
 64032 | Elf:3    | Identified the ring of Jimi {+Blink rPois rF+++ Str-4
                  | Dex+6}
 64060 | Elf:3    | Gained mutation: You are clumsy. (Dex -2) [hidden defects]
 64080 | Elf:3    | Lost mutation: Your body sometimes deteriorates upon taking
                  | damage. [potion of mutation]
 64080 | Elf:3    | Lost mutation: Your flesh is cold resistant. (rC+) [potion
                  | of mutation]
 64080 | Elf:3    | Lost mutation: You have hidden genetic defects. [potion of
                  | mutation]
 64080 | Elf:3    | Gained mutation: You are dopey. (Int -2) [potion of
                  | mutation]
 64080 | Elf:3    | Gained mutation: You are frail. (-10% HP) [potion of
                  | mutation]
 64080 | Elf:3    | Lost mutation: One of your tentacles bears a spike. [potion
                  | of mutation]
 64080 | Elf:3    | Gained mutation: Your spells are a little harder to cast,
                  | but a little more powerful. [potion of mutation]
 64081 | Elf:3    | Lost mutation: You have supernaturally acute eyesight.
                  | (SInv) [potion of mutation]
 64081 | Elf:3    | Lost mutation: Your spells are a little harder to cast, but
                  | a little more powerful. [potion of mutation]
 64081 | Elf:3    | Gained mutation: Your system is resistant to poisons.
                  | (rPois) [potion of mutation]
 64081 | Elf:3    | Gained mutation: Your body sometimes deteriorates upon
                  | taking damage. [potion of mutation]
 64082 | Elf:3    | Lost mutation: You are dopey. (Int -2) [potion of mutation]
 64082 | Elf:3    | Lost mutation: Your system is resistant to poisons. (rPois)
                  | [potion of mutation]
 64082 | Elf:3    | Lost mutation: Your body sometimes deteriorates upon taking
                  | damage. [potion of mutation]
 64082 | Elf:3    | Gained mutation: You possess an exceptional clarity of
                  | mind. [potion of mutation]
 64082 | Elf:3    | Lost mutation: Your muscles are strong. (Str +2) [potion of
                  | mutation]
 64082 | Elf:3    | Gained mutation: You are dopey. (Int -2) [potion of
                  | mutation]
 64082 | Elf:3    | Gained mutation: You have supernaturally acute eyesight.
                  | (SInv) [potion of mutation]
 64304 | Elf:3    | Found the +1 cloak of Starlight {*Dazzle EV+4 Stlth--}
 64332 | Elf:3    | Identified the +1 plate armour of the Moon Troll {Slay+2}
 64360 | Elf:3    | Got the Almanac of Transmigration and the Oath
 64372 | Elf:3    | Identified the +2 ring mail of the Stopping Gods {rF- Str+3
                  | Dex+3}
 64481 | Elf:2    | Bought a potion of mutation for 160 gold pieces
 64484 | Elf:2    | Lost mutation: You are frail. (-10% HP) [potion of
                  | mutation]
 64484 | Elf:2    | Lost mutation: You have supernaturally acute eyesight.
                  | (SInv) [potion of mutation]
 64484 | Elf:2    | Lost mutation: You are clumsy. (Dex -2) [potion of
                  | mutation]
 64484 | Elf:2    | Gained mutation: Your muscles are strong. (Str +2) [potion
                  | of mutation]
 64484 | Elf:2    | Gained mutation: One of your tentacles bears a spike.
                  | [potion of mutation]
 64791 | Snake:2  | Bought a potion of mutation for 88 gold pieces
 64791 | Snake:2  | Lost mutation: You are dopey. (Int -2) [potion of mutation]
 64791 | Snake:2  | Lost mutation: You possess an exceptional clarity of mind.
                  | [potion of mutation]
 64791 | Snake:2  | Gained mutation: You are occasionally teleported next to
                  | monsters. [potion of mutation]
 64949 | D:10     | Bought a potion of mutation for 136 gold pieces
 64949 | D:10     | Lost mutation: Your muscles are strong. (Str +2) [potion of
                  | mutation]
 64949 | D:10     | Lost mutation: You are occasionally teleported next to
                  | monsters. [potion of mutation]
 64949 | D:10     | Lost mutation: One of your tentacles bears a spike. [potion
                  | of mutation]
 64949 | D:10     | Gained mutation: Your flesh is cold resistant. (rC+)
                  | [potion of mutation]
 64949 | D:10     | Lost mutation: Your flesh is cold resistant. (rC+) [potion
                  | of mutation]
 64949 | D:10     | Gained mutation: You are clumsy. (Dex -2) [potion of
                  | mutation]
 65139 | Depths:1 | Entered Level 1 of the Depths
 65163 | Depths:1 | Reached XP level 21. HP: 143/143 MP: 23/44
 65454 | Depths:1 | Found a gateway to Hell.
 65456 | Depths:1 | Found a one-way gate to the infinite horrors of the Abyss.
 65813 | Depths:1 | Reached skill level 20 in Ice Magic
 66137 | Depths:1 | Noticed the Enchantress
 66157 | Depths:1 | Killed the Enchantress
 67027 | Depths:1 | Found a basalt altar of Yredelemnul.
 67028 | Depths:1 | Noticed a profane servitor
 67042 | Depths:1 | Killed a profane servitor
 67531 | Depths:2 | Found a one-way gate leading to the halls of Pandemonium.
 68202 | Depths:2 | Found a glowing silver altar of Zin.
 68237 | Depths:2 | Found Cuigoup's Antique Armour Shop.
 68239 | Depths:2 | Found Qutet's Assorted Antiques.
 68241 | Depths:2 | Found Pecae's Antique Weapon Shop.
 68263 | Depths:2 | Got the Tome of Toxic Evil Magic
 68323 | Depths:2 | Reached skill level 21 in Ice Magic
 69324 | Depths:2 | Acquired 1202 gold pieces
 69328 | Depths:2 | Acquired 1204 gold pieces
 69689 | Depths:3 | Noticed a golden dragon
 69701 | Depths:3 | Killed a golden dragon
 69765 | Depths:4 | Entered Level 4 of the Depths
 69773 | Depths:4 | Lost mutation: You are clumsy. (Dex -2) [potion of
                  | mutation]
 69773 | Depths:4 | Gained mutation: You occasionally shout uncontrollably at
                  | your foes. [potion of mutation]
 69773 | Depths:4 | Gained mutation: Your magical capacity is low. (-10% MP)
                  | [potion of mutation]
 69853 | Depths:4 | Found an ancient bone altar of Kikubaaqudgha.
 70211 | Depths:4 | Noticed Parghit
 70225 | Depths:4 | Reached XP level 22. HP: 60/148 MP: 33/42
 70229 | Depths:4 | Noticed a golden dragon
 70731 | Depths:3 | Found Bumol's One-of-a-Kind Books.
 71323 | Depths:3 | Found a one-way gateway to a ziggurat.
 72150 | Depths:2 | Identified the +11 quarterstaff "Nynec" {drain, Will+
                  | Int+4}
 72638 | Depths:4 | Killed Parghit
 72666 | Depths:4 | Killed a golden dragon
 72872 | Depths:4 | Noticed a golden dragon
 72880 | Depths:4 | Killed a golden dragon
 72881 | Depths:4 | Reached skill level 22 in Ice Magic
 73066 | Depths:4 | Noticed a golden dragon
 73073 | Depths:4 | Killed a golden dragon
 73246 | Depths:4 | Found a gate to the Realm of Zot.
 73394 | Depths:4 | Noticed a golden dragon
 73404 | Depths:4 | Killed a golden dragon
 74153 | Vaults:1 | Entered Level 1 of the Vaults
 74936 | Vaults:1 | Learned a level 1 spell: Apportation
 75006 | Vaults:1 | Reached XP level 23. HP: 153/153 MP: 39/44
 75379 | Vaults:1 | Found Terad's Antique Weapon Shoppe.
 75402 | Vaults:1 | Bought a transparent short sword for 376 gold pieces
 75402 | Vaults:1 | Identified the +10 short sword "Heowiof" {vorpal, *Noise
                  | Fly Int+6} (You bought it in a shop on level 1 of the
                  | Vaults)
 75410 | Vaults:1 | Bought a glimmering falchion for 376 gold pieces
 75410 | Vaults:1 | Identified the +7 falchion of Optimality {protect, rC+
                  | Int+6} (You bought it in a shop on level 1 of the Vaults)
 75735 | Vaults:1 | Found Ryepus's Assorted Antiques.
 75805 | Vaults:1 | Found Imufudgh's Armour Shop.
 75985 | Vaults:2 | Reached skill level 23 in Ice Magic
 76115 | Vaults:2 | Found a magical portal.
 76120 | WizLab   | Entered Borgnjor's Mausoleum
 77136 | WizLab   | Got the Compendium of Darkness
 79458 | Vaults:3 | Reached skill level 24 in Ice Magic
 79534 | Vaults:3 | Reached XP level 24. HP: 149/160 MP: 36/45
 80837 | Vaults:3 | Found a staircase to the Crypt.
 81286 | D:8      | Bought a potion of mutation for 144 gold pieces
 81320 | D:8      | Lost mutation: You occasionally shout uncontrollably at
                  | your foes. [potion of mutation]
 81320 | D:8      | Lost mutation: Your magical capacity is low. (-10% MP)
                  | [potion of mutation]
 81320 | D:8      | Gained mutation: You are dopey. (Int -2) [potion of
                  | mutation]
 81320 | D:8      | Gained mutation: Your spells are a little harder to cast,
                  | but a little more powerful. [potion of mutation]
 81320 | D:8      | Gained mutation: Your flesh is cold resistant. (rC+)
                  | [potion of mutation]
 81321 | D:8      | Quit the game

Illustrated notes

Levels and vault maps discovered:
D:1:      matt_arrival_grand_opening, layout_basic,
          hellmonk_ecumenical_altar_run_dry
D:2:      layout_basic, basic_altar
D:3:      layout_loops_ring, old_standard_altar
D:4:      layout_cave_pools, minmay_overflow_temple_star_quad
D:5:      layout_rooms, minmay_temple_entry_proselytizer,
          nicolae_ossuary_entry_false_entrances,
          hangedman_abyss_or_decor_lesser_grid,
          nicolae_concentric_dashed_squares_mild
D:6:      layout_loops_corners, serial_shops, nicolae_shop_hallway_stairs
D:7:      layout_basic, kennysheep_opposing_triangles, uniq_prince_ribbit1
D:8:      layout_loops_corners, chequers_temple_overflow_statue_of_worship,
          lair_entry_dummy, uniq_erica
D:9:      layout_loops_ring, minivault_22
D:10:     nzn_winding_woodlands_three_and_one
          [nzn_winding_woodlands_5x15_sidewinder,
          nzn_winding_woodlands_5x15_crooked,
          nzn_winding_woodlands_5x15_pockets,
          nzn_winding_woodlands_center_triple_pond], layout_cave_pools,
          mainiacjoe_overflow_big_doors, lightli_temple_of_fire, serial_rivers,
          chequers_serial_rivers_micro_a, chequers_serial_rivers_micro_d,
          chequers_serial_rivers_large_a, chequers_serial_rivers_micro_d,
          chequers_serial_rivers_micro_b, chequers_serial_rivers_small_a,
          serial_shops, nicolae_shop_crystal, chequers_serial_rivers_micro_b,
          nicolae_transmutations_shop, the_hattery
D:11:     layout_loops_ring, orc_0_dummy
D:12:     layout_cave_pods, portal_ice_cave_entry_pillars_2,
          gammafunk_ghost_fury_of_okawaru
D:13:     layout_basic, david_vaults_1, uniq_maurice, uniq_rupert
D:14:     layout_cave_pools, uniq_snorg, uniq_roxanne
D:15:     gammafunk_enter_depths_forms, layout_layer_cave, serial_park_square2,
          uniq_josephine
Lair:1:   layout_regular_city
Lair:2:   layout_cave_pods, grunt_megastairs_3, uniq_amaemon
Lair:3:   regret_index_bee_streams, layout_cave_pods, minmay_swamp_entry_swarm,
          serial_bayou_shore_a
Lair:4:   layout_roguey, minmay_snake_entry_guardpost_small, ice2_lemuel,
          grunt_megastairs_5
Lair:5:   layout_gridlike, serial_bayou, serial_bayou_pond_b,
          serial_bayou_lagoon_a, serial_bayou_crossing, serial_bayou_lagoon_b,
          kennysheep_basilisk_garden, serial_bayou_shore_b,
          infiniplex_staircase_pool, serial_bayou_shore_b
Lair:6:   evilmike_catoblepas_cave, layout_misc_corridors, slime_altar_1,
          chequers_serial_rivers_small_3
Swamp:1:  layout_falls_marsh, evilmike_swamp_ruin_house_1, swamp_pool2,
          nicolae_swamp_snake_nest
Swamp:2:  layout_basic_swamp, evilmike_swamp_ruin_house_6, swamp_pool1,
          hangedman_swamp_pad, uniq_jorgrun
Swamp:3:  layout_basic_swamp, gammafunk_ghost_split,
          infiniplex_staircase_pool_2, swamp_pool3
Swamp:4:  swamp_alternative, layout_basic_swamp, uniq_bai_suzhen
Snake:1:  nicolae_snake_shooting_gallery, layout_layer_cave, uniq_aizul,
          uniq_louise
Snake:2:  nicolae_snake_attic_fulla_snakes, layout_rooms, serial_shops,
          nicolae_shop_window_shopping, gammafunk_ghost_berserking_beasts,
          minmay_shoptagon
Snake:3:  layout_onion_interference, gammafunk_ghost_arena
Snake:4:  minmay_snake_end_coiled, layout_chambers, basic_altar, special_room,
          nicolae_snake_serpentine_bazaar
Orc:1:    nicolae_orc_accident_2, layout_diamond_mine
Orc:2:    grunt_orc_gardens, layout_diamond_mine, grunt_orc_garden,
          grunt_orc_garden, grunt_orc_garden, grunt_orc_garden,
          hellmonk_bongcloud_opening, nicolae_orc_rockfall
Elf:1:    nicolae_elf_arrival_no_cutting_in_line, layout_onion_city,
          ebering_ghost_inner_flame
Elf:2:    elven_hall_of_blades_hangedman_original
          [nicolae_blade_entry_sentries_behind_glass], layout_geoelf_diagonals,
          serial_shops, nicolae_shop_waterfront
Elf:3:    minmay_elf_hall_circle, layout_geoelf_grid
Vaults:1: grunt_vaults_trifunnel, ontoclasm_vaults_eye, ontoclasm_vaults_spin,
          v_misc_9, hangedman_vaults_corner, hangedman_vaults_corner_blocks,
          v_misc_27, nicolae_vaults_little_squares_6,
          ontoclasm_vaults_claustrophobia, vaults_dpeg_diagonal,
          layout_vaults_big_cross, serial_shops, shop_coins,
          nicolae_lakefront_shop, shop
Vaults:2: infiniplex_enter_wizlab_spiral, dpeg_vaults_monster_box,
          grunt_vaults_diagonal, hangedman_vaults_trim, v_alt_pattern_6,
          nicolae_vaults_triangles, v_misc_29, vaults_dpeg_ring,
          nicolae_vaults_gold_heap, vaults_room_fours, layout_vaults_omnigrid
Vaults:3: minmay_crypt_entry_skeletal_spiral, v_alt_pattern_3,
          nicolae_vaults_three_branches, nicolae_vaults_twisting_passages,
          nicolae_vaults_big_ls, ontoclasm_vaults_gateway,
          vaults_room_semicircle, ontoclasm_vaults_chip,
          layout_vaults_chaotic_city
Depths:1: layout_roguey, nicolae_abyss_entry_one_way_or_another,
          corexii_hall_statues_x, hell_entry, corexii_hall_statues_deadend,
          hangedman_decor_riveting, hangedman_blasphemy, serial_bayou_shore_b,
          uniq_enchantress
Depths:2: minmay_connected_triangles_in_corner, layout_cave_shapes, pan_entry,
          grunt_mini_vestibule, zin_academy, minmay_shop_star,
          infiniplex_staircase_zigzag_3
Depths:3: kennysheep_funnel, layout_basic, enter_ziggurat_a, hell_entry,
          abyss_entry_glasseish, minmay_misc_feat_chi, nicolae_rare_books,
          infiniplex_staircase_zigzag_2
Depths:4: grunt_twist_and_shout, layout_gridlike, hangedman_decor_peaks_small,
          abyss_entry, hell_entry, lemuel_zombie_altar_kikubaaqudgha,
          uniq_parghit

Skill      XL: |  1  2  3  4  5  6  7  8  9 10 11 12 13 14 15 16 17 18 19 20 21 22 23 |
---------------+----------------------------------------------------------------------+-----
Ice Magic      | 5 8 9 12 14 15 16 18 19 21 22 24 | 24.2
Fighting       | 9 12 | 12.0
Spellcasting   | 3 5 7 9 11 13 14 15 16 18 19 20 22 23 | 23.4
Conjurations   | 2 5 8 9 |  9.0
Transmutations | 5 8 9 |  9.0
Air Magic      | 2 3 |  3.0
Dodging        | 5 6 |  6.0
Shields        | 9 11 13 15 | 15.0
Earth Magic    | 5 9 |  9.0
Stealth        | |  2.6

Action                   |  1- 3 |  4- 6 |  7- 9 | 10-12 | 13-15 | 16-18 | 19-21 | 22-24 || total
-------------------------+-------+-------+-------+-------+-------+-------+-------+-------++-------
Melee: Dagger            |    24 |     6 |       |       |       |       |       |       ||    30
       Constrict         |     4 |    10 |     8 |    21 |    77 |    27 |    30 |    12 ||   189
       Tentacles         |     2 |     4 |    10 |    71 |   138 |    62 |    50 |    50 ||   387
       Kick              |       |    12 |    21 |    98 |   243 |   106 |    59 |       ||   539
       Spear             |       |    26 |    68 |   210 |   440 |   192 |   117 |       ||  1053
       Punch             |       |     1 |     2 |     4 |     9 |     8 |     4 |     3 ||    31
       Short sword       |       |       |       |       |       |       |    42 |   101 ||   143
 Fire: Hunting sling     |     3 |       |       |       |       |       |       |       ||     3
 Cast: Freeze            |    17 |    15 |    16 |    35 |    62 |    27 |    17 |       ||   189
       Frozen Ramparts   |     3 |    15 |    27 |    59 |    95 |    51 |    29 |     3 ||   282
       Ozocubu's Armour  |       |    12 |    22 |    52 |    63 |    28 |    16 |       ||   193
       Hailstorm         |       |       |     7 |    22 |    42 |   146 |    79 |     2 ||   298
       Irradiate         |       |       |       |    28 |    64 |    84 |    89 |    18 ||   283
       Freezing Cloud    |       |       |       |       |    43 |   155 |   140 |       ||   338
       Blink             |       |       |       |       |     2 |       |     1 |     3 ||     6
       Statue Form       |       |       |       |       |       |       |     1 |     9 ||    10
       Polar Vortex      |       |       |       |       |       |       |    57 |   110 ||   167
       Apportation       |       |       |       |       |       |       |       |     1 ||     1
Invok: Call Merchant     |       |       |       |     1 |     5 |     2 |     4 |     1 ||    13
Evoke: Wand              |       |       |       |       |     1 |     3 |       |       ||     4
  Use: Potion            |     4 |     1 |       |     4 |     2 |     6 |     8 |     4 ||    29
       Scroll            |     2 |     6 |     2 |     9 |     2 |     6 |     7 |     3 ||    37
 Stab: Sleeping          |    10 |     1 |     2 |     3 |     4 |       |       |       ||    20
       Distracted        |       |       |       |     1 |     6 |     2 |     2 |     2 ||    13
Armor: Skin              |     3 |     7 |    10 |   108 |   131 |    56 |    52 |    77 ||   444
Dodge: Dodged            |    15 |    23 |    49 |   232 |   499 |    76 |   129 |   127 ||  1150
Block: Kite shield       |       |       |       |       |   323 |   587 |   570 |   520 ||  2000

Table legend: (Time is in decaauts)
 A = Elapsed time spent in this place.
 B = Non-inter-level travel time spent in this place.
 C = Inter-level travel time spent in this place.
 D = Time resting spent in this place.
 E = Time spent auto-exploring this place.
 F = Levels seen in this place.
 G = Mean time per level.
                   A        B        C        D        E       F      G
               +--------+--------+--------+--------+--------+-----+--------+
         Total |  81995 |  77151 |   4844 |  22303 |  38338 |  44 | 1863.5 |
       Dungeon |  23301 |  21088 |   2213 |   5280 |  12233 |  15 | 1553.4 |
          Lair |  13721 |  12808 |    913 |   2983 |   7405 |   6 | 2286.8 |
         Swamp |   6607 |   6338 |    269 |   2837 |   2472 |   4 | 1651.8 |
     Snake Pit |   9478 |   9039 |    439 |   2969 |   4295 |   4 | 2369.5 |
  Orcish Mines |   2883 |   2740 |    143 |    601 |   1501 |   2 | 1441.5 |
   Elven Halls |   6805 |   6611 |    194 |   2647 |   1519 |   3 | 2268.3 |
        Vaults |   6029 |   5893 |    136 |     91 |   4396 |   3 | 2009.7 |
        Depths |   8753 |   8220 |    533 |   2197 |   4247 |   4 | 2188.2 |
       Ossuary |    930 |    930 |      0 |    519 |      0 |   1 |  930.0 |
      Ice Cave |   2273 |   2273 |      0 |   1674 |    171 |   1 | 2273.0 |
        Wizlab |   1209 |   1209 |      0 |    504 |     99 |   1 | 1209.0 |
               +--------+--------+--------+--------+--------+-----+--------+

Top non-repeatable levels by time:
 Snake:1: 3065 daAuts
 Snake:4: 2980 daAuts
   Elf:1: 2969 daAuts
Depths:1: 2848 daAuts
  Lair:3: 2810 daAuts
 Swamp:2: 2703 daAuts
  Lair:5: 2684 daAuts
Vaults:3: 2652 daAuts
  Lair:4: 2500 daAuts
    D:10: 2478 daAuts
  Lair:6: 2379 daAuts
     D:8: 2360 daAuts
   IceCv: 2273 daAuts
Depths:2: 2110 daAuts
   Elf:3: 2097 daAuts
